 Dungeon Crawl Stone Soup version 0.23.2-1-ga50397a (webtiles) character file.

Game seed: 18299296148782001858

1526 Lickle the Shield-Bearer (level 8, 0/79 HPs)
             Began as a Troll Fighter on May 8, 2019.
             Succumbed to a killer bee's poison
             ... on level 6 of the Dungeon.
             The game lasted 00:12:01 (4356 turns).

Lickle the Shield-Bearer (Troll Fighter)            Turns: 4356, Time: 00:12:02

Health: 0/79       AC:  6    Str: 29    XL:     8   Next: 54%
Magic:  7/7        EV: 10    Int:  4    God:
Gold:   240        SH: 11    Dex: 10    Spells: 7/7 levels left

rFire    . . .     SeeInvis .     - Unarmed
rCold    . . .     Gourm    +   b - +1 shield
rNeg     . . .     Faith    .   a - +0 robe
rPois    .         Spirit   .   (helmet restricted)
rElec    .         Reflect  .   (no cloak)
rCorr    .         Harm     .   (gloves unavailable)
MR       .....                  (boots unavailable)
Stlth    +.........             (no amulet)
HPRegen  0.63/turn              m - +3 ring of strength
MPRegen  0.10/turn              (no ring)

@: lethally poisoned (0 -> -4)
A: large, unfitting armour, claws 3, fast metabolism 3, gourmand, regeneration
1, shaggy fur 1, tough skin 3
a: no special abilities


You were on level 6 of the Dungeon.
You were completely stuffed.

You visited 1 branch of the dungeon, and saw 6 of its levels.

You collected 240 gold pieces.

Inventory:

Hand Weapons
 i - a +2 short sword of distortion
 t - a +0 giant club
Armour
 a - a +0 robe (worn)
 b - a +1 shield (worn)
Jewellery
 m - a +3 ring of strength (left claw)
Wands
 f - a wand of flame (13)
Scrolls
 k - a scroll of identify
 l - 3 scrolls of teleportation
 n - a scroll of remove curse
Potions
 c - 2 potions of might
 e - a potion of haste
 g - 3 potions of brilliance
 h - a potion of magic
 j - a potion of curing
 o - a potion of heal wounds
 p - a potion of flight
Comestibles
 d - 7 rations


   Skills:
 + Level 4.8 Fighting
 + Level 4.8 Armour
 + Level 4.8 Dodging
 + Level 4.9 Shields
 - Level 2.4 Unarmed Combat


You had 7 spell levels left.
You didn't know any spells.
Your spell library was empty.

Dungeon Overview and Level Annotations

Branches:
Dungeon (6/15)
 Temple: D:4-7

Altars:
Makhleb
Nemelex Xobeh
Ru
Sif Muna
Yredelemnul
Zin


Innate Abilities, Weirdness & Mutations

You are too large for most types of armour.
You have claws for hands.
Your metabolism is lightning-fast.
You like to eat raw meat.
Your natural rate of healing is unusually fast.
You are covered in fur. (AC +1)
You have extremely tough skin. (AC +3)


Message History

The killer bee stings you but does no damage. x3
You scratch the killer bee.
The killer bee is moderately wounded.
The killer bee stings you.
* * * LOW HITPOINT WARNING * * *
You are more poisoned.
The killer bee poisons you!
You closely miss the killer bee.
The killer bee is moderately wounded.
You feel sick. The killer bee barely misses you.
The killer bee stings you but does no damage.
You closely miss the killer bee.
The killer bee is moderately wounded.
You feel sick. The killer bee stings you!
* * * LOW HITPOINT WARNING * * *
You are more poisoned.
The killer bee poisons you! You block the killer bee's attack.
You mangle the killer bee!!
You kill the killer bee!
You die...

#... #.... #...#
####
##..#######..##
#.............#
#.............#
#..........(..#
##............#
#..####@##..#####
##'####†##.)##>.#
#.....#...........
#.
#.....#...........
#.
#.....#...........
..
#.....#........>##
#.
#.....#)........#
#..
#[)######..###..#
##..###†# #'## ..#


There were no monsters in sight!

Vanquished Creatures
  A human (D:3)
  A sky beast (D:5)
  A phantom (D:5)
  2 centaurs (D:5)
  An ogre (D:5)
  Blork the orc (D:5)
  A bullfrog (D:5)
  5 killer bees (D:6)
  A crimson imp (D:4)
  A human zombie (D:3)
  3 hounds
  2 orc wizards (D:5)
  2 orc priests
  A jelly (D:6)
  A centaur skeleton (D:5)
  An iguana (D:5)
  A worker ant (D:5)
  4 gnolls
  8 adders
  A shadow imp (D:5)
  An adder skeleton (D:4)
  3 worms
  4 dart slugs
  2 leopard geckos
  15 orcs
  A ball python (D:5)
  11 bats
  4 giant cockroaches
  7 goblins
  6 hobgoblins
  9 jackals
  5 kobolds
  A quokka (D:4)
  2 frilled lizards
  A giant cockroach zombie (D:5)
  A goblin skeleton (D:3)
  2 leopard gecko skeletons
  8 rats
122 creatures vanquished.

Notes
Turn   | Place    | Note
-------+----------+-------------------------------------------
     0 | D:1      | Lickle the Troll Fighter began the quest for the Orb.
     0 | D:1      | Reached XP level 1. HP: 22/22 MP: 0/0
   213 | D:1      | Reached skill level 1 in Armour
   213 | D:1      | Reached XP level 2. HP: 29/29 MP: 1/1
   731 | D:2      | Reached XP level 3. HP: 36/36 MP: 2/2
   938 | D:2      | Found a glowing silver altar of Zin.
  1034 | D:2      | Found a sacrificial altar of Ru.
  1035 | D:2      | Found a burning altar of Makhleb.
  1227 | D:3      | Reached XP level 4. HP: 39/44 MP: 3/3
  1364 | D:3      | Found a runed translucent door.
  1364 | D:3      | Noticed a human
  1384 | D:3      | Found a basalt altar of Yredelemnul.
  1455 | D:3      | Killed a human
  1455 | D:3      | Reached XP level 5. HP: 48/53 MP: 4/4
  1596 | D:3      | Reached XP level 6. HP: 61/61 MP: 5/5
  2829 | D:5      | Entered Level 5 of the Dungeon
  2878 | D:5      | Reached XP level 7. HP: 53/67 MP: 6/6
  3426 | D:5      | Found a sparkling altar of Nemelex Xobeh.
  3455 | D:5      | Reached XP level 8. HP: 53/78 MP: 7/7
  3864 | D:5      | Noticed Blork the orc
  3876 | D:5      | Found a deep blue altar of Sif Muna.
  3912 | D:5      | Killed Blork the orc
  4355 | D:6      | HP: 1/79 [killer bee (9)]
  4356 | D:6      | Succumbed to a killer bee's poison

Skill      XL: |  1  2  3  4  5  6  7 |
---------------+----------------------+-----
Armour         | 1 2 3 4 |  4.8
Fighting       | 3 4 |  4.8
Dodging        | 3 4 |  4.8
Shields        | 3 4 |  4.9
Unarmed Combat | |  2.4

Action                   |  1- 3 |  4- 6 |  7- 9 || total
-------------------------+-------+-------+-------++-------
Melee: Unarmed           |   111 |   183 |   179 ||   473
Evoke: Wand              |       |     1 |     6 ||     7
  Use: Scroll            |     7 |     4 |     4 ||    15
       Potion            |     1 |     1 |     2 ||     4
 Stab: Sleeping          |     1 |       |       ||     1
  Eat: Chunk             |     2 |     9 |    18 ||    29
       Ration            |     2 |     2 |     1 ||     5
Armor: Robe              |    51 |    53 |    50 ||   154
Dodge: Dodged            |    45 |    64 |    59 ||   168
Block: Shield            |    59 |    98 |   103 ||   260
